 Dungeon Crawl Stone Soup version 0.30.0-29-ga12c61a403 (webtiles) character file.

Game seed: 7913458023908986214

387 seaoflcl the Chopper (level 6, -1/55 HPs)
             Began as a Minotaur Fighter on June 15, 2023.
             Was an Initiate of Qazlal.
             Slain by Prince Ribbit (11 damage)
             ... on level 5 of the Dungeon.
             The game lasted 00:04:22 (2305 turns).

seaoflcl the Chopper (Minotaur Fighter)             Turns: 2305, Time: 00:04:23

Health: -1/55      AC: 15    Str: 22    XL:     6   Next: 49%
Magic:  5/5        EV:  6    Int:  5    God:    Qazlal [......]
Gold:   272        SH:  4    Dex: 10    Spells: 5/5 levels left

rFire   + . .        a - +0 war axe
rCold   . . .        c - +0 buckler
rNeg    . . .        G - +0 plate armour {rF+}
rPois   +            (helmet restricted)
rElec   .            w - scarf {shadows}
rCorr   .            l - +2 pair of gloves
SInv    .            (no boots)
Will    +....        (no amulet) Stlth
                     b - ring of poison resistance
HPRegen 0.29/turn    m - ring of willpower
MPRegen 0.09/turn

%: no passive effects
@: no status effects
A: horns 2, retaliatory headbutt
a: Renounce Religion


You were on level 5 of the Dungeon.
You worshipped Qazlal.
Qazlal was noncommittal.
You visited 1 branch of the dungeon, and saw 5 of its levels.

You collected 272 gold pieces.

Inventory:

Hand Weapons
 a - a +0 war axe (weapon)
Missiles
 s - 2 poisoned darts (quivered)
Armour
 c - a +0 buckler (worn)
 l - a +2 pair of gloves (worn)
 w - a scarf of shadows (worn)
 x - a +0 ring mail of fire resistance
 G - a +0 plate armour of fire resistance (worn)
Jewellery
 b - a ring of poison resistance (left hand)
 k - a ring of positive energy
 m - a ring of willpower (right hand)
 t - a ring of flight
 A - a ring of ice
Wands
 B - a wand of charming (6)
Scrolls
 i - 4 scrolls of identify {unknown}
 j - a scroll of enchant armour {unknown}
 n - a scroll of poison {unknown}
 o - 3 scrolls of amnesia {unknown}
 p - a scroll of silence {unknown}
 y - a scroll of enchant weapon {unknown}
 C - 2 scrolls of fear {unknown}
 D - a scroll of magic mapping {unknown}
 F - a scroll of noise {unknown}
 H - a scroll of teleportation {unknown}
Potions
 d - a potion of might
 e - 2 potions of haste {unknown}
 f - a potion of resistance {unknown}
 g - a potion of mutation {unknown}
 h - 2 potions of brilliance {unknown}
 q - a potion of attraction {unknown}
 r - 2 potions of lignification {unknown}
 u - a potion of magic {unknown}
 v - a potion of curing {unknown}
 z - a potion of degeneration {unknown}
 E - a potion of heal wounds {unknown}


   Skills:
 + Level 4.9 Fighting
 * Level 5.2 Axes
 + Level 2.0 Throwing
 + Level 4.8 Armour
 + Level 4.9 Shields
 + Level 0.4 Evocations


You had 5 spell levels left.
You didn't know any spells.
Your spell library was empty.

Dungeon Overview and Level Annotations

Branches:
Dungeon (5/15)             Temple (0/1) D:4

Altars:
Qazlal

Annotations:
D:5 Prince Ribbit


Innate Abilities, Weirdness & Mutations

You have a pair of horns on your head.
You reflexively headbutt those who attack you in melee.


Message History

The phantom is heavily damaged.
You hit the centaur but do no damage.
The centaur hits you but does no damage.
The centaur barely misses you. You block the phantom's attack.
Unknown command.
You completely miss the centaur. You barely miss the phantom.
You block the centaur's attack. The centaur completely misses you.
You block the centaur's attack. The centaur barely misses you.
The phantom hits you.
The phantom blinks!
You blink.
You closely miss the phantom.
The phantom is heavily damaged.
The phantom barely misses you.
You miss the phantom. You headbutt the phantom!
The phantom is almost destroyed.
You closely miss Prince Ribbit.
Prince Ribbit blinks!
The phantom hits you.
The phantom blinks!
You blink.
The phantom hits you but does no damage.
Unknown command.
You barely miss the phantom. Your headbutt misses the phantom.
The phantom is almost destroyed.
The centaur completely misses you.
The centaur kicks you but does no damage.
The phantom hits you but does no damage.
The centaur wields a +0 shortbow.
The centaur shoots an arrow.
The arrow hits you.
Prince Ribbit hits you but does no damage.
The centaur shoots an arrow.
The arrow hits you but does no damage.
Prince Ribbit blinks!
The centaur shoots an arrow.
You block the arrow.
You hit the phantom.
The phantom is almost destroyed.
The centaur shoots an arrow.
The arrow hits you.
* * * LOW HITPOINT WARNING * * *
The centaur shoots an arrow.
The arrow hits you.
* * * LOW HITPOINT WARNING * * *
You block the phantom's attack.
The centaur shoots an arrow.
The arrow barely misses you.
Prince Ribbit hits you but does no damage.
Prince Ribbit hits you!
You die...

#.###.####..( # #..##
.# ##..###.# ###
#o.#..# .. #..l)###.#
## #..c.....#..
#.....##.##...<#
#..###.##.W..########
. .##.##.F@........#
.........[.......#
......†..........#
....#####........#
###. #...<....######
#.#####>............#
.......########.....#
..####..............#
##########.....#


You could see Prince Ribbit, a phantom, a centaur (strong), an iguana and an orc
wizard.

Vanquished Creatures
  3 scorpions (D:4)
  A hound (D:3)
  An iguana (D:4)
  6 adders
  4 worms
  5 orcs
  8 ball pythons
  8 endoplasms
  3 giant cockroaches
  5 goblins
  11 hobgoblins
  3 jackals (D:2)
  12 kobolds
  2 quokkas
  6 bats
  3 frilled lizards
  3 rats
84 creatures vanquished.

Notes
Turn   | Place    | Note
-------+----------+-------------------------------------------
     0 | D:1      | seaoflcl the Minotaur Fighter began the quest for the Orb.
     0 | D:1      | Reached XP level 1. HP: 19/19 MP: 0/0
   203 | D:1      | Reached XP level 2. HP: 16/27 MP: 1/1
   283 | D:1      | Reached skill level 3 in Axes
   491 | D:2      | Reached XP level 3. HP: 33/33 MP: 2/2
   504 | D:2      | Found a faded altar of an unknown god.
  1062 | D:3      | Reached XP level 4. HP: 40/40 MP: 3/3
  1187 | D:3      | Reached skill level 4 in Axes
  1369 | D:3      | Reached XP level 5. HP: 46/47 MP: 4/4
  1476 | D:4      | Reached skill level 1 in Throwing
  1580 | D:4      | Reached skill level 5 in Axes
  1580 | D:4      | Reached XP level 6. HP: 48/55 MP: 5/5
  1770 | D:4      | Found a stormy altar of Qazlal.
  1812 | D:4      | Became a worshipper of Qazlal Stormbringer
  1950 | D:4      | Found a staircase to the Ecumenical Temple.
  2231 | D:5      | Entered Level 5 of the Dungeon
  2289 | D:5      | Noticed Prince Ribbit
  2305 | D:5      | Slain by Prince Ribbit

Illustrated notes

Levels and vault maps discovered:
D:1:      ebering_hopf_link, layout_rooms
D:2:      layout_basic, hellmonk_ecumenical_altar_blasted, kennysheep_cross_room
D:3:      layout_rooms, wad_floor_pattern_untrapped, st_stairs_11
D:4:      layout_rooms, grunt_qazlal_clouds, minmay_temple_entry_slanted
D:5:      layout_rooms, chequers_arboretum, uniq_blork_the_orc,
          uniq_prince_ribbit1

Skill      XL: |  1  2  3  4  5  6 |
---------------+-------------------+-----
Axes           | 3 4 5 |  5.2
Shields        | 4 |  4.9
Fighting       | 4 |  4.9
Armour         | 4 |  4.8
Throwing       | 1 2 |  2.0
Evocations     | |  0.4

Action                     |  1- 3 |  4- 6 || total
---------------------------+-------+-------++-------
  Melee: War axe           |    90 |   121 ||   211
         Headbutt          |     7 |    14 ||    21
 Armour: Plate armour      |    76 |    81 ||   157
         Scale mail        |     4 |       ||     4
  Dodge: Dodged            |    28 |    41 ||    69
  Block: Buckler           |    31 |    29 ||    60
